[Event "Live Chess"]
[Site "Chess.com"]
[Date "2023.05.21"]
[Round "-"]
[White "stevochess11"]
[Black "Duke_of_Bebington"]
[Result "1-0"]
[WhiteElo "1732"]
[BlackElo "1589"]
[TimeControl "300"]
[EndTime "2:03:24 PDT"]
[Termination "stevochess11 won by resignation"]

1. d4 d5 2. Nf3 Nf6 3. e3 Bf5 4. c4 c6 5. cxd5 cxd5 6. Qb3 Qc7 7. Bb5+ Nbd7 8. Bd2 a6 9. Bxd7+ Nxd7 10. O-O e6 11. Nc3 Bd6 12. Rac1 O-O 13. Nxd5 Qd8 14. Nc3 b5 15. e4 Bg6 16. e5 Bc7 17. Bg5 Qb8 18. Nh4 Qb6 19. Nxg6 hxg6 20. Be3 f6 21. d5 Rae8 22.
Bxb6 Nxb6 23. dxe6 1-0

[Event "Live Chess"]
[Site "Chess.com"]
[Date "2023.05.21"]
[Round "-"]
[White "Bot_Boy"]
[Black "RichardABates"]
[Result "0-1"]
[WhiteElo "334"]
[BlackElo "2139"]
[TimeControl "300"]
[EndTime "2:03:35 PDT"]
[Termination "RichardABates won on time"]

1. Nf3 Nf6 2. Nc3 d5 3. d4 c5 4. Bf4 Nc6 5. dxc5 d4 6. Na4 e5 7. Bg3 Qa5+ 8. Nc3 dxc3 9. bxc3 Bxc5 10. Rc1 e4 11. Ne5 Qxc3+ 12. Qd2 Bb4 13. Bf4 Qxd2+ 14.
Bxd2 Bxd2+ 15. Kxd2 Nxe5 16. e3 O-O 17. c4 Bg4 18. h3 Rfd8+ 19. Kc2 Be6 20. Be2 Bxc4 21. Bxc4 Nxc4 22. Kc3 Rac8 23. Kb4 a5+ 24. Kb5 Rd5+ 0-1

[Event "Live Chess"]
[Site "Chess.com"]
[Date "2023.05.21"]
[Round "-"]
[White "lateforthesky"]
[Black "SupremeTactician"]
[Result "1-0"]
[WhiteElo "2128"]
[BlackElo "2268"]
[TimeControl "300"]
[EndTime "2:03:54 PDT"]
[Termination "lateforthesky won by resignation"]

1. e4 e5 2. Nf3 Nc6 3. Bb5 a6 4. Ba4 Nf6 5. d4 exd4 6. O-O Nxe4 7. Re1 d5 8. Nxd4 Be7 9. Nxc6 bxc6 10. Bxc6+ Bd7 11.
Bxd5 Nf6 12. Bxa8 Qxa8 13. Bg5 O-O 14. Rxe7 Be6 15. Bxf6 gxf6 16. Nc3 Kh8 17. Qf3 Qd8 18. Qxf6+ Kg8 19. Rd1 Qb8 20. Rd3 1-0

[Event "Live Chess"]
[Site "Chess.com"]
[Date "2023.05.21"]
[Round "-"]
[White "JohanKjeldahl"]
[Black "Shepherds_Pie"]
[Result "0-1"]
[WhiteElo "1888"]
[BlackElo "1933"]
[TimeControl "300"]
[EndTime "2:03:59 PDT"]
[Termination "Shepherds_Pie won by checkmate"]

1. c4 Nf6 2. Nc3 c5 3. Nf3 d5 4. cxd5 Nxd5 5. e3 g6 6. Bc4 Nxc3 7. bxc3 Bg7 8. d4 O-O 9. O-O Qc7 10. Be2 Rd8 11. Bb2 Nc6 12. Rc1 Na5 13. Qa4 b6 14. Nd2 Bb7 15. Bf3 Rac8 16. Bxb7 Nxb7 17. Nf3 Na5 18.
Rfd1 a6 19. h3 b5 20. Qc2 Nc4 21. Ba1 cxd4 22. cxd4 Qb6 23. Qe2 Nd6 24. Rxc8 Rxc8 25. Qd3 Qb7 26. Bb2 Qd5 27. Qb3 Qxb3 28. axb3 Rc2 29.
Ba3 Nb7 30. Bxe7 Na5 31. b4 Nc4 32. Ra1 Bf8 33. Bxf8 Kxf8 34. Rxa6 Rb2 35. Ra8+ Kg7 36. Rb8 Rxb4 37. Kh2 Nd6 38. Ne5 Rb2 39. Kg3 Ne4+ 40. Kf3 f5 41. h4 Rxf2# 0-1

[Event "Live Chess"]
[Site "Chess.com"]
[Date "2023.05.21"]
[Round "-"]
[White "Doge_Dandolo"]
[Black "zdanevych"]
[Result "1/2-1/2"]
[WhiteElo "1874"]
[BlackElo "1540"]
[TimeControl "300"]
[EndTime "2:04:04 PDT"]
[Termination "Game drawn by repetition"]

1. Nf3 d5 2. c4 c6 3. g3 Nf6 4. Bg2 Bg4 5. O-O e6 6. Qb3 b6 7.
d4 Bd6 8. Bf4 O-O 9. Bxd6 Qxd6 10. Re1 Nbd7 11. Nbd2 Rad8 12. Rad1 Bxf3 13. Nxf3 Ne4 14.
Nd2 Nxd2 15. Rxd2 Nf6 16. cxd5 cxd5 17. Rc2 Rc8 18. Rec1 Rxc2 19. Rxc2 h6 20. e3 Ne4 21.
Bxe4 dxe4 22. Qc4 Qd5 23. b4 f5 24. a4 Qd7 25. b5 Kf7 26. Qc7 Rd8 27. Kf1 Ke7 28.
Ke2 Qxc7 29. Rxc7+ Rd7 30. Rc6 Rd6 31. Rc4 Kd7 32.
h4 Ke7 33. Kd2 Rd7 34. Kc3 Kd8 35. h5 Rc7 36. Rxc7 Kxc7 37. Kc4 Kd6 38. Kc3 e5 39. dxe5+ Kxe5 40. Kc4 Ke6 41. Kd4 Kd6 42. Kc4 Ke6 43. Kc3 Kd5 44. Kb3 Kd6 45. Kb4 Kd5 46. a5 Kd6 47.
axb6 axb6 48. Kc4 Ke6 49. Kd4 Kd6 50. Kc4 Ke6 51. Kd4 Kd6 52. Kc4 1/2-1/2

[Event "Live Chess"]
[Site "Chess.com"]
[Date "2023.05.21"]
[Round "-"]
[White "smoggyrabbit"]
[Black "Ian-Morley"]
[Result "1-0"]
[WhiteElo "1708"]
[BlackElo "1074"]
[TimeControl "300"]
[EndTime "2:04:17 PDT"]
[Termination "smoggyrabbit won by checkmate"]

1. d4 e5 2. dxe5 Nc6 3. Nf3 Qe7 4. Nc3 Nxe5 5. e4 Nxf3+ 6. Qxf3 Qf6 7. Qxf6 Nxf6 8. Bc4 Bb4 9. O-O Bxc3 10. bxc3 Nxe4 11. Re1 f5 12. f3 d6 13. fxe4 fxe4 14. Rxe4+ Kd7 15.
Bg5 c6 16. Rae1 Kc7 17. Re7+ Kb6 18. Be3+ c5 19. Bf4 Bg4 20. Rb1+ Ka5 21. Rexb7 a6 22. Bxd6 Bc8 23. R7b3 Bd7 24. Bxc5 Rhe8 25. Bb6+ Ka4 26. Rb4+ Ka3 27. R1b3+ Kxa2 28. Rb1+ Ka3 29. Ra1# 1-0

[Event "Live Chess"]
[Site "Chess.com"]
[Date "2023.05.21"]
[Round "-"]
[White "ms_lilley"]
[Black "MaximKris"]
[Result "1/2-1/2"]
[WhiteElo "606"]
[BlackElo "1802"]
[TimeControl "300"]
[EndTime "2:04:22 PDT"]
[Termination "Game drawn - insufficient material"]

1. d4 d5 2. e3 Nf6 3. h3 Bf5 4. Nf3 e6 5. Bd3 Bxd3 6. Qxd3 Bd6 7. O-O O-O 8. Nbd2 Nc6 9. a3 e5 10. Nxe5 Nxe5 11. dxe5 Bxe5 12. Nf3 Re8 13. Nd4 Bxd4 14. Qxd4 Re4 15. Qc5 Qd6 16. b4 Qxc5 17. bxc5 Rc4 18. a4 Rxc5 19. Ra2 Ne4 20. Ba3 Rc3 21. Be7 Re8 22. Bh4 g5 23. Bg3 Nxg3 24. fxg3 Rcxe3 25. g4 Rc3 26. Rf2 Re1+ 27. Kh2 Re4 28. Ra1 Rec4 29. Rf5 Rxc2 30. Rxg5+ Kf8 31. Rf1 Rxa4 32. Rgf5 Raa2 33. Rxf7+ Ke8 34. Kg3 Rxg2+ 35. Kh4 d4 36. Kg5 Ra5+ 37.
Kh6 Rh2 38. Kg7 Re5 39. Rxc7 Re7+ 40. Rxe7+ Kxe7 41. Rf7+ Kd6 42. Rxb7 Ke5 43. Rxa7 d3 44. Rd7 Ke4 45. Kxh7 Ke3 46. g5 Rxh3+ 47. Kg6 d2 48. Rxd2 Kxd2 49. Kf5 Rf3+ 50. Kg4 Rf8 51. g6 Ke3 52. Kg5 Ke4 53. Kh6 Rf6 54. Kg5 Rf8 55. g7 Rb8 56. Kf6 Kd5 57. Kf7 Kd6 58. g8=Q Rxg8 59. Kxg8 1/2-1/2

[Event "Live Chess"]
[Site "Chess.com"]
[Date "2023.05.21"]
[Round "-"]
[White "chessfiction"]
[Black "Biranidun"]
[Result "0-1"]
[WhiteElo "2330"]
[BlackElo "2551"]
[TimeControl "300"]
[EndTime "2:04:29 PDT"]
[Termination "Biranidun won by resignation"]

1. e4 c5 2. Nf3 d6 3. d4 cxd4 4. Nxd4 Nf6 5. Nc3 g6 6. f4 Nc6 7. Bb5 Bd7 8. O-O Bg7 9. Bxc6 bxc6 10. e5 Nd5 11. Nxd5 cxd5 12. exd6 Qb6 13. c3 Qxd6 14. Qe2 O-O 15. f5 e5 16. Nc2 Bxf5 17. Ne3 Be6 18. b3 f5 19. Bb2 f4 20. Ng4 h5 21.
Nf2 e4 22. Rad1 Qc5 23. c4 Bg4 24. Rxd5 Bxe2 25. Rxc5 Bxb2 26. Re1 f3 27. Nxe4 Bd4+ 0-1

[Event "Live Chess"]
[Site "Chess.com"]
[Date "2023.05.21"]
[Round "-"]
[White "LiamBellwood"]
[Black "WombatIn_A_Box"]
[Result "1-0"]
[WhiteElo "1980"]
[BlackElo "533"]
[TimeControl "300"]
[EndTime "2:04:37 PDT"]
[Termination "LiamBellwood won by checkmate"]

1. d3 e5 2. c4 Nf6 3. Nc3 d5 4. cxd5 Nxd5 5. Nf3 Nxc3 6. bxc3 Bd6 7. e4 O-O 8. Be2 Re8 9. O-O Qe7 10. a4 Bg4 11. Nd2 Bxe2 12. Qxe2 c5 13. Nc4 Bc7 14. Ne3 Bb6 15. Nd5 Qd6 16. f4 Qg6 17. f5 Qg5 18.
Bxg5 f6 19. Bxf6 gxf6 20. Nxf6+ Kf7 21. Nxe8 Kxe8 22. Qh5+ Kd7 23. Qxh7+ Kc8 24. f6 Nd7 25. f7 Bd8 26. f8=Q Nxf8 27. Rxf8 b6 28. Qe7 Kb8 29. Rxd8# 1-0

[Event "Live Chess"]
[Site "Chess.com"]
[Date "2023.05.21"]
[Round "-"]
[White "domrobson"]
[Black "HoarseyHorsey"]
[Result "1-0"]
[WhiteElo "1734"]
[BlackElo "1446"]
[TimeControl "300"]
[EndTime "2:05:01 PDT"]
[Termination "domrobson won by resignation"]

1. d4 Nf6 2. c4 e6 3. Nf3 d5 4.
Nc3 Bb4 5. Bg5 O-O 6. e3 h6 7. Bh4 Nbd7 8. Rc1 c5 9. dxc5 Bxc5 10. cxd5 exd5 11. Nxd5 Bb4+ 12. Nxb4 Qa5 13. a3 Ne4 14. Bd3 Ndf6 15. O-O Bg4 16. Qc2 Bxf3 17. gxf3 Ng5 18. f4 Nf3+ 19. Kh1 Nxh4 20. Qc5 Qxc5 21. Rxc5 Rac8 22. Rfc1 Rxc5 23. Rxc5 b6 24. Rc7 a5 25. Nc6 Re8 26. Bb5 Re6 27. Rc8+ Kh7 28. Bd3+ g6 29. Rc7 Kg7 30. Ne5 Ne8 31. Rxf7+ Kg8 32. Rd7 Nf6 33. Bc4 Nxd7 34. Bxe6+ Kf8 35. Bxd7 1-0

[Event "Live Chess"]
[Site "Chess.com"]
[Date "2023.05.21"]
[Round "-"]
[White "ExIsambard"]
[Black "EdenHazard8"]
[Result "0-1"]
[WhiteElo "1900"]
[BlackElo "1978"]
[TimeControl "300"]
[EndTime "2:05:05 PDT"]
[Termination "EdenHazard8 won on time"]

1. d4 e5 2. dxe5 Nc6 3. Nf3 Qe7 4. e6 dxe6 5. Nc3 Nf6 6. e4 e5 7. Bd3 Bg4 8. h3 Be6 9. O-O O-O-O 10. Be3 Nd4 11.
Bxd4 exd4 12. Nb5 Qc5 13. a4 a6 14. Na3 Nd7 15. Qd2 Bd6 16. Rfe1 Ne5 17. Nxe5 Qxe5 18. g3 Bxh3 19. Nc4 Qh5 20. e5 Bg4 21. Be4 Bc5 22. b4 Ba7 23. b5 Qh3 24. b6 Bxb6 25. Nxb6+ cxb6 26. Qf4 Kb8 27. e6+ Ka7 28. e7 Rd7 29.
a5 b5 30. Qe5 Re8 31. Qc5+ Ka8 32. Bg2 Qh6 33. Re5 Qd6 0-1

[Event "Live Chess"]
[Site "Chess.com"]
[Date "2023.05.21"]
[Round "-"]
[White "OleksiyJr1"]
[Black "chekagain"]
[Result "0-1"]
[WhiteElo "965"]
[BlackElo "841"]
[TimeControl "300"]
[EndTime "2:05:17 PDT"]
[Termination "chekagain won by checkmate"]

1. e4 Nf6 2. e5 Nd5 3. c4 Nb6 4.
Nc3 d5 5. exd6 cxd6 6. d4 d5 7. c5 Nc4 8. Nf3 Bg4 9. h3 Bxf3 10.
Qxf3 e6 11. Bxc4 dxc4 12. Qxb7 Nd7 13. Qf3 Rc8 14. O-O Be7 15. b4 cxb3 16. axb3 O-O 17. Rxa7 Nxc5 18. dxc5 Bxc5 19. Ba3 Bxa7 20. Bxf8 Kxf8 21.
Rd1 Qc7 22. Nb5 Qb8 23. Nxa7 Qxa7 24. Rb1 Qa2 25. Qd1 Qa7 26. b4 e5 27. b5 Qd4 28.
b6 Qxd1+ 29. Rxd1 Rb8 30. Rb1 Ke7 31. Kf1 Kd7 32. Ke2 Kc6 33. Ke3 Rxb6 34. Rxb6+ Kxb6 35. Ke4 f6 36. g4 Kc6 37. Kf5 Kd6 38. h4 Ke7 39. h5 Kf7 40. f3 g6+ 41. hxg6+ hxg6+ 42. Ke4 Ke6 43. Ke3 f5 44. g5 Kd5 45. Kd3 e4+ 46.
fxe4+ fxe4+ 47. Ke3 Ke5 48. Ke2 Kf4 49. Kd2 Kf3 50.
Ke1 e3 51. Kf1 Ke4 52. Ke2 Kd4 53. Kf3 Kd3 54. Kf4 e2 55. Ke5 e1=Q+ 56. Kf6 Qe4 57. Kf7 Qe5 58. Kxg6 Kd4 59. Kh6 Kd5 60. g6 Qe8 61. g7 Qg8 62. Kg6 Ke6 63. Kh6 Kf6 64. Kh5 Qxg7 65. Kh4 Kf5 66. Kh3 Kf4 67. Kh2 Kf3 68. Kh1 Kf2 69. Kh2 Qg2# 0-1

[Event "Live Chess"]
[Site "Chess.com"]
[Date "2023.05.21"]
[Round "-"]
[White "DRS44"]
[Black "Ferrarifan27"]
[Result "0-1"]
[WhiteElo "1323"]
[BlackElo "2094"]
[TimeControl "300"]
[EndTime "2:05:29 PDT"]
[Termination "Ferrarifan27 won by resignation"]

1. e4 e5 2. d4 exd4 3. Qxd4 Nc6 4. Qe3 Bb4+ 5. Bd2 Bxd2+ 6. Nxd2 d6 7. O-O-O Nf6 8. f4 Be6 9. Kb1 Qe7 10. Ngf3 O-O 11. e5 dxe5 12. fxe5 Ng4 13. Qf4 Ngxe5 14. Nxe5 Nxe5 15.
Qxe5 Bxa2+ 16. Kxa2 Qxe5 0-1

[Event "Live Chess"]
[Site "Chess.com"]
[Date "2023.05.21"]
[Round "-"]
[White "Doge_Dandolo"]
[Black "Shepherds_Pie"]
[Result "0-1"]
[WhiteElo "1867"]
[BlackElo "1940"]
[TimeControl "300"]
[EndTime "2:05:31 PDT"]
[Termination "Shepherds_Pie won by resignation"]

1. Nf3 Nf6 2. c4 c5 3. g3 d5 4. cxd5 Nxd5 5. Bg2 Nc6 6. d4 e6 7. O-O cxd4 8. Nxd4 Be7 9. a3 O-O 10. b4 Nxd4 11. Qxd4 Bf6 0-1

[Event "Live Chess"]
[Site "Chess.com"]
[Date "2023.05.21"]
[Round "-"]
[White "elizaveta_frundina"]
[Black "ShanthamGrarks"]
[Result "0-1"]
[WhiteElo "1574"]
[BlackElo "1989"]
[TimeControl "300"]
[EndTime "2:05:53 PDT"]
[Termination "ShanthamGrarks won by resignation"]

1. e4 e6 2. d4 d5 3. Bd3 Nf6 4. Bg5 Be7 5. e5 Nfd7 6. Bxe7 Qxe7 7. Nf3 c5 8. c3 cxd4 9. cxd4 Nc6 10. O-O h6 11. Re1 O-O 12. Nc3 a6 13. a3 f5 14. g3 b5 15. Nh4 Qf7 16. Qf3 g5 17. Ng2 Nxd4 18. Qe3 Nc6 19. f4 d4 20. Qf3 Bb7 21. Ne2 g4 22. Qf2 Ncxe5 23. fxe5 Nxe5 24.
Nxd4 Nxd3 25. Qe3 Nxe1 26. Rxe1 e5 27. Qxe5 Rae8 28. Qf4 Rxe1+ 29. Nxe1 Qd5 30. Kf2 Re8 31. Nxf5 Qc5+ 32. Kf1 Rf8 33. Nd3 Qxf5 34. Qxf5 Rxf5+ 0-1

[Event "Live Chess"]
[Site "Chess.com"]
[Date "2023.05.21"]
[Round "-"]
[White "whitedjohn"]
[Black "Tiltador"]
[Result "1-0"]
[WhiteElo "1641"]
[BlackElo "857"]
[TimeControl "300"]
[EndTime "2:05:57 PDT"]
[Termination "whitedjohn won by checkmate"]

1. e4 e5 2. Nf3 d6 3. d4 f6 4.
dxe5 fxe5 5. Nxe5 dxe5 6. Qh5+ g6 7. Qxe5+ Ne7 8. Qxh8 Nbc6 9. Bh6 Be6 10. Qxf8+ Kd7 11. Qxd8+ Rxd8 12. Nc3 Kc8 13. Bg5 Re8 14. Bxe7 Rxe7 15.
O-O-O Nb4 16. a3 Na2+ 17. Nxa2 Bxa2 18. b3 Rxe4 19. Kb2 Bxb3 20. cxb3 Rf4 21. f3 h5 22. Bc4 g5 23. Be6+ Kb8 24. Rd8# 1-0

[Event "Live Chess"]
[Site "Chess.com"]
[Date "2023.05.21"]
[Round "-"]
[White "SupremeTactician"]
[Black "MaximKris"]
[Result "1-0"]
[WhiteElo "2269"]
[BlackElo "1801"]
[TimeControl "300"]
[EndTime "2:06:09 PDT"]
[Termination "SupremeTactician won by checkmate"]

1. e4 e5 2. Nf3 Nc6 3. Nc3 Nf6 4. Bb5 a6 5. Bxc6 dxc6 6. Nxe5 Bc5 7. O-O O-O 8. Nf3 Bg4 9. h3 Bh5 10. d3 Bg6 11.
Be3 Bd4 12. Bxd4 Re8 13. Bxf6 Qxf6 14. Re1 Rad8 15. Qe2 Qe6 16. Rad1 Bh5 17. d4 f5 18. d5 cxd5 19. exd5 Qxe2 20. Rxe2 Rxe2 21. Nxe2 Bxf3 22. gxf3 Kf7 23. Nf4 c6 24. c4 cxd5 25. Rxd5 Rxd5 26. Nxd5 Ke6 27. f4 Kd6 28. b4 b5 29. Ne3 bxc4 30. Nxc4+ Kd5 31. Ne3+ Kd4 32. Nxf5+ Kc3 33. Nxg7 Kxb4 34.
f5 Ka3 35. f6 Kxa2 36. f7 a5 37. f8=Q a4 38. Ne6 a3 39. Nd4 Kb2 40. Qb4+ Ka2 41. Qb3+ Ka1 42. Nc2# 1-0

[Event "Live Chess"]
[Site "Chess.com"]
[Date "2023.05.21"]
[Round "-"]
[White "TheSmoulderingMaster"]
[Black "Mechhead7"]
[Result "1/2-1/2"]
[WhiteElo "1699"]
[BlackElo "1764"]
[TimeControl "300"]
[EndTime "2:06:11 PDT"]
[Termination "Game drawn - insufficient material"]

1. e4 Nf6 2. e5 Nd5 3. d4 d6 4. c4 Nb6 5. f4 g6 6. Nf3 Bg7 7.
Bd3 Bg4 8. O-O O-O 9. h3 Be6 10. Kh1 Bxc4 11. Bxc4 Nxc4 12. e6 d5 13. exf7+ Rxf7 14. Ng5 Rf5 15. Qe2 Nc6 16. Qe6+ Kh8 17. Nf7+ Rxf7 18.
Qxf7 Qd6 19. Nc3 Nb4 20. a3 Nc2 21. Rb1 Rf8 22. Qxd5 Qxd5 23. Nxd5 Nxd4 24. Nxe7 Ne2 25. Nd5 Ng3+ 26. Kg1 Nxf1 27. Kxf1 c6 28. Ne7 Rd8 29. b3 Nb6 30. Bb2 Bxb2 31. Rxb2 Rd7 32. Re2 Kg7 33. f5 Kf6 34. fxg6 hxg6 35. Ng8+ Kg7 36. Ne7 Kf7 37. Nxg6 Kxg6 38. g4 Rd3 39. h4 Rxb3 40.
Re6+ Kg7 41. Re7+ Kf6 42. Rxb7 Rxa3 43. Rc7 Nd5 44. Rxc6+ Kg7 45. g5 Ne3+ 46. Ke2 Nf5 47. h5 Rg3 48. h6+ Kh7 49. Rc7+ Kg6 50. Rxa7 Kxg5 51.
h7 Rh3 52. Kf2 Kg6 53. Kg2 Rh5 54. Kf3 Ng7 55. Kg4 Kxh7 56. Rxg7+ Kxg7 57. Kxh5 1/2-1/2

[Event "Live Chess"]
[Site "Chess.com"]
[Date "2023.05.21"]
[Round "-"]
[White "Singapourfeuj"]
[Black "Tushinskiy"]
[Result "1-0"]
[WhiteElo "2188"]
[BlackElo "2151"]
[TimeControl "300"]
[EndTime "2:06:12 PDT"]
[Termination "Singapourfeuj won by resignation"]

1. d4 d5 2. c4 c6 3. Nf3 Nf6 4. Nc3 e6 5. cxd5 exd5 6. Bg5 Be7 7. Qc2 Nbd7 8. e3 O-O 9. Bd3 Re8 10. O-O Nf8 11.
Rae1 Bg4 12. Ne5 Bh5 13. f4 h6 14. Bh4 Rc8 15. h3 c5 16. Bf5 Rb8 17. g4 cxd4 18. exd4 Bg6 19. Nxg6 fxg6 20. Bxg6 Nxg6 21. Qxg6 Qb6 22.
Rxe7 Rxe7 23. Bxf6 Qxf6 24. Qxf6 gxf6 25. Nxd5 Re2 26.
Nxf6+ Kf7 27. g5 Rc8 28. Rf2 Rc1+ 29. Kg2 Rcc2 30. Rxe2 Rxe2+ 31. Kf3 Rxb2 32. h4 Rxa2 33. f5 Rh2 34. Kg3 Rd2 35. d5 a5 36. Kf4 Rd4+ 37. Ke5 Rxh4 38. g6+ Kf8 39. d6 Rh1 40. d7 Rd1 41.
Nd5 Rxd5+ 42. Kxd5 Ke7 43. g7 1-0

[Event "Live Chess"]
[Site "Chess.com"]
[Date "2023.05.21"]
[Round "-"]
[White "LanceMaster23"]
[Black "OceanFloater"]
[Result "1-0"]
[WhiteElo "1946"]
[BlackElo "1026"]
[TimeControl "300"]
[EndTime "2:06:47 PDT"]
[Termination "LanceMaster23 won by resignation"]

1. Nf3 c6 2. d4 d5 3. Bf4 Bf5 4. e3 e6 5. Be2 c5 6. c3 c4 7.
O-O Nc6 8. Nbd2 Nf6 9. Re1 Bd6 10. Bg3 Bxg3 11. hxg3 Ne4 12. Nxe4 Bxe4 13. Nd2 Bg6 14. e4 O-O 15. Bf3 Re8 16. exd5 exd5 17. Rxe8+ Qxe8 18. Bxd5 Rd8 19. Bxc4 Qd7 20. Nf3 Ne7 21. Bd3 Nf5 22. Ne5 Qd6 23. Nxg6 Qxg6 24. Qf3 b6 25. Qxf5 Qxf5 26.
Bxf5 Rd5 27. Re1 g6 28. Bd3 Kg7 29. Re7 a6 30. Bxa6 Ra5 31. Bc4 b5 32. Bxf7 Kh6 33. b4 1-0

[Event "Live Chess"]
[Site "Chess.com"]
[Date "2023.05.21"]
[Round "-"]
[White "ranvir123"]
[Black "hturner40"]
[Result "0-1"]
[WhiteElo "920"]
[BlackElo "1783"]
[TimeControl "300"]
[EndTime "2:06:53 PDT"]
[Termination "hturner40 won by checkmate"]

1. e4 Nc6 2. Nf3 e5 3. Bc4 Nf6 4. Ng5 d5 5. exd5 b5 6. Bxb5 Qxd5 7. Bxc6+ Qxc6 8. Qf3 e4 9. Qb3 Be6 10. Nxe6 fxe6 11.
O-O Bc5 12. d3 O-O 13. Bg5 Ng4 14. h3 Bxf2+ 15. Kh1 Bg3 16. Rxf8+ Rxf8 17. Nc3 Nf2+ 18. Kg1 exd3 19. cxd3 Nxh3+ 20. gxh3 Qf3 21. Qd1 Qf2+ 22.
Kh1 Qh2# 0-1

[Event "Live Chess"]
[Site "Chess.com"]
[Date "2023.05.21"]
[Round "-"]
[White "OleksiyJr1"]
[Black "Singapourfeuj"]
[Result "0-1"]
[WhiteElo "965"]
[BlackElo "2188"]
[TimeControl "300"]
[EndTime "2:06:53 PDT"]
[Termination "Singapourfeuj won by resignation"]

1. e4 c5 2. Nf3 d6 3. Bc4 e6 4. Nc3 a6 5. d4 b5 6. Bd3 cxd4 7. Nxd4 Nf6 8. Bg5 Be7 9. Bxf6 Bxf6 10. O-O Bxd4 11. g3 0-1

[Event "Live Chess"]
[Site "Chess.com"]
[Date "2023.05.21"]
[Round "-"]
[White "Leonid_Starozhilov"]
[Black "gmnorfolk"]
[Result "1/2-1/2"]
[WhiteElo "2632"]
[BlackElo "2116"]
[TimeControl "300"]
[EndTime "2:07:05 PDT"]
[Termination "Game drawn by agreement"]

1. b3 e5 2. Bb2 Nc6 3. e3 Nf6 4. Bb5 e4 5. d3 a6 6. Bxc6 dxc6 7. Nc3 Bf5 8. dxe4 Nxe4 9. Nge2 Bb4 10. O-O Qxd1 11.
Rfxd1 Nxc3 12. Bxc3 Bxc3 13. Nxc3 Bxc2 14. Rd4 Bf5 15.
e4 Be6 16. f4 f6 17. Rad1 O-O 18. Kf2 c5 19. R4d2 b5 20. Ke3 c4 21. b4 Rfb8 22. f5 Bf7 23. Rd7 a5 24. bxa5 b4 25. Nd5 Rxa5 26. Nxc7 Ra3+ 27. Kf4 g5+ 28. fxg6 hxg6 29. Nd5 Bxd5 30. R1xd5 b3 31. axb3 cxb3 32. Rc5 b2 33.
Rcc7 b1=Q 34. Rg7+ Kf8 35. Rgf7+ Kg8 36. Rg7+ Kf8 37. Rgf7+ 1/2-1/2

[Event "Live Chess"]
[Site "Chess.com"]
[Date "2023.05.21"]
[Round "-"]
[White "Long1968"]
[Black "LiamClery2020"]
[Result "0-1"]
[WhiteElo "982"]
[BlackElo "2028"]
[TimeControl "300"]
[EndTime "2:07:05 PDT"]
[Termination "LiamClery2020 won on time"]

1. e3 Nf6 2. d4 e6 3. c4 d5 4. Nc3 c5 5. Nf3 cxd4 6. exd4 Nc6 7. Bg5 Be7 8. Qd2 O-O 9. h4 Qb6 10. c5 Qc7 11. a3 h6 12. Qd3 e5 13. Bxf6 Bxf6 14. Nxd5 Qd8 15. dxe5 Bxe5 16. Nc3 Bxc3+ 17. Qxc3 Re8+ 18. Be2 Bg4 19. Rd1 Qe7 20. Rd2 Rad8 21. Qe3 Qc7 0-1

[Event "Live Chess"]
[Site "Chess.com"]
[Date "2023.05.21"]
[Round "-"]
[White "MarkLim1"]
[Black "jagbama"]
[Result "1-0"]
[WhiteElo "1722"]
[BlackElo "1158"]
[TimeControl "300"]
[EndTime "2:07:29 PDT"]
[Termination "MarkLim1 won on time"]

1. d4 d5 2. Nf3 Nc6 3. e3 Bf5 4. a3 e6 5. c4 Nge7 6. Nc3 a6 7. cxd5 exd5 8. Bd3 Bg4 9. h3 Bxf3 10. Qxf3 Qd6 11. O-O O-O-O 12. b4 g6 13. b5 Na7 14. bxa6 b6 15. Bd2 f5 16. Rfc1 Nec6 17. Bb5 Kb8 18.
a4 Na5 19. Na2 Nb3 20. Bb4 Qe6 21. Rab1 Nxc1 22. Rxc1 Bxb4 23. Nxb4 g5 24. Nc6+ Nxc6 25. Rxc6 Qf7 26. Qe2 Ka7 27. Qd2 g4 28. hxg4 h5 29. g5 h4 30. a5 h3 31. axb6+ cxb6 32. Qc2 Rd7 33. g3 h2+ 34. Kh1 Qe7 35. Rg6 Rc7 36. Rc6 Rxc6 37. Bxc6 Qxg5 38. Bxd5 f4 39. Qc7+ 1-0

[Event "Live Chess"]
[Site "Chess.com"]
[Date "2023.05.21"]
[Round "-"]
[White "elephantgerrald"]
[Black "Denz14"]
[Result "0-1"]
[WhiteElo "696"]
[BlackElo "1048"]
[TimeControl "300"]
[EndTime "2:07:30 PDT"]
[Termination "Denz14 won on time"]

1. d4 Nf6 2. Nf3 d6 3. e3 g6 4. g3 Bg7 5. Bg2 O-O 6. O-O Bg4 7. Nbd2 Qd7 8. b3 Bh3 9. Nh4 Bxg2 10. Nxg2 Qe6 11.
Qf3 c6 12. c4 Nbd7 13. Nf4 Qf5 14. g4 Nxg4 15. e4 Qg5 16. Kh1 Qh4 17. Qg3 Qxg3 18.
fxg3 Bxd4 19. Rb1 Nf2+ 20. Kg2 Nd3 21. Nf3 Nxf4+ 22. gxf4 Bg7 23. Rd1 Rad8 24. e5 dxe5 25. Nxe5 Nxe5 26. Rxd8 Rxd8 27. fxe5 Bxe5 28. Bg5 f6 29.
Be3 Rd3 30. Bxa7 Rd2+ 31. Kh3 Rxa2 32. Bc5 Kf7 33. b4 Rxh2+ 34. Kg4 Rg2+ 0-1

[Event "Live Chess"]
[Site "Chess.com"]
[Date "2023.05.21"]
[Round "-"]
[White "Richardallis"]
[Black "YrrriKharkiv"]
[Result "0-1"]
[WhiteElo "1878"]
[BlackElo "2063"]
[TimeControl "300"]
[EndTime "2:07:37 PDT"]
[Termination "YrrriKharkiv won by resignation"]

1. d4 Nf6 2. Nf3 c5 3. c3 g6 4. Bg5 Bg7 5. Nbd2 cxd4 6. cxd4 d6 7. e4 Nc6 8. Bb5 O-O 9. Rc1 Qa5 10. Qa4 Qxa4 11. Bxa4 Bg4 12. Bxc6 bxc6 13. Bxf6 Bxf6 14.
Rxc6 Rfc8 15. Rxc8+ Rxc8 16. O-O Rc2 17. e5 dxe5 18.
dxe5 Bg7 19. h3 Bxf3 20. Nxf3 Rxb2 21. Rd1 Rxa2 22. Rd8+ Bf8 23. Ng5 Ra5 24. f4 Ra4 25. g3 h6 26. Nf3 e6 27. Kf2 Kg7 28. Rd7 Bc5+ 29. Ke2 Ra2+ 30. Kd3 Ra3+ 31. Kc4 Rxf3 32. Kxc5 Rxg3 33. Rxa7 Rxh3 34. Kd4 Rf3 35. Ke4 Rf2 36. Ra3 g5 37. Rg3 Rxf4+ 38. Ke3 Kg6 39. Rg1 h5 40. Rh1 h4 41. Rh2 Kf5 42. Rg2 g4 43.
Rg1 Kxe5 44. Ra1 Kf5 45. Ra7 f6 46. Rh7 Rf3+ 47. Ke2 Rh3 48. Kf2 Kf4 49. Kg2 f5 50.
Rh6 e5 51. Re6 Re3 52. Rh6 h3+ 53. Kh1 Kg3 54. Rxh3+ gxh3 0-1

[Event "Live Chess"]
[Site "Chess.com"]
[Date "2023.05.21"]
[Round "-"]
[White "lateforthesky"]
[Black "JohanKjeldahl"]
[Result "1-0"]
[WhiteElo "2134"]
[BlackElo "1885"]
[TimeControl "300"]
[EndTime "2:07:45 PDT"]
[Termination "lateforthesky won by resignation"]

1. e4 Nc6 2. Nf3 e5 3. Bb5 Nf6 4. d3 Be7 5. c3 O-O 6. Nbd2 d6 7. Nf1 a6 8. Ba4 Bd7 9. Ng3 b5 10. Bb3 Na5 11. Bc2 c5 12. O-O h6 13. h3 Qc8 14.
Kh2 Nc6 15. Re1 b4 16. Be3 a5 17. Qd2 Kh7 18. Rad1 Rb8 19. d4 bxc3 20. bxc3 cxd4 21. cxd4 exd4 22. Nxd4 Nxd4 23. Bxd4 Qc6 24. e5+ 1-0

[Event "Live Chess"]
[Site "Chess.com"]
[Date "2023.05.21"]
[Round "-"]
[White "Goblinbasher"]
[Black "Ferrarifan27"]
[Result "0-1"]
[WhiteElo "1236"]
[BlackElo "2094"]
[TimeControl "300"]
[EndTime "2:07:49 PDT"]
[Termination "Ferrarifan27 won by resignation"]

1. e4 e5 2. Nc3 Nf6 3. f4 d6 4. Nf3 Nc6 5. Bc4 exf4 6. d4 Nh5 7. O-O Be7 8. Bxf7+ Kxf7 9. Ne5+ dxe5 10. Qxh5+ g6 11. Qf3 Nxd4 12. Qf2 Bc5 13. Bxf4 Ne2+ 14. Kh1 Bxf2 15. Rxf2 Nxf4 16. Raf1 Kg7 0-1

[Event "Live Chess"]
[Site "Chess.com"]
[Date "2023.05.21"]
[Round "-"]
[White "ossie57"]
[Black "ProfPoisson"]
[Result "1-0"]
[WhiteElo "1934"]
[BlackElo "1216"]
[TimeControl "300"]
[EndTime "2:07:50 PDT"]
[Termination "ossie57 won by checkmate"]

1. d4 e6 2. Nc3 f5 3. Bf4 Nf6 4. g4 Bb4 5. gxf5 Bxc3+ 6. bxc3 exf5 7. Qd3 d6 8. Bg2 O-O 9. h4 d5 10. Nf3 Ne4 11. Bg5 Nxg5 12. hxg5 g6 13. Ne5 Nc6 14.
Qh3 Qe7 15. Nxg6 hxg6 16. Qh8+ Kf7 17. Rh7+ Ke8 18. Rxe7+ Nxe7 19. Qe5 c6 20. Rb1 b5 21. a4 Ba6 22. axb5 Bxb5 23. c4 dxc4 24. Rxb5 cxb5 25. Bxa8 Kf7 26. Qf6+ Kg8 27. Qxe7 Rxa8 28. Qb7 Rf8 29.
Qxb5 f4 30. Qxc4+ Kh7 31. f3 a5 32. Qc7+ Kg8 33. Qxa5 Kh7 34. Qc7+ Kg8 35. d5 Kh8 36. d6 Rf7 37. Qc8+ Kg7 38. d7 Re7 39. Qc3+ Kh7 40. Qh8+ Kxh8 41. d8=Q+ Kg7 42. Qxe7+ Kh8 43. c4 Kg8 44. c5 Kh8 45. c6 Kg8 46. c7 Kh8 47. c8=Q# 1-0